 Dungeon Crawl Stone Soup version 0.24-a0-584-g9d6b971ae4 (webtiles) character file.

Game seed: 12035645903656341725, levelgen mode: deterministic

14011 Gargoyl the Cleaver (level 11, -1/91 (92) HPs)
             Began as a Centaur Abyssal Knight on Sept 3, 2019.
             Was an Elder of Lugonu.
             Slain by Snorg (6 damage)
             ... on level 11 of the Dungeon.
             The game lasted 00:18:16 (15345 turns).

Gargoyl the Cleaver (Centaur Abyssal Knight)       Turns: 15345, Time: 00:18:17

HP:   -1/91 (92)    AC: 19    Str: 16      XL:     11   Next: 83%
MP:   17/17         EV: 11    Int: 11      God:    Lugonu [****..]
Gold: 590           SH:  0    Dex: 12 (13) Spells: 10/10 levels left

rFire    . . .     SeeInvis .   E - +2 battleaxe (elec)
rCold    . . .     Gourm    .   (shield currently unavailable)
rNeg     + . .     Faith    .   o - +2 animal skin
rPois    .         Spirit   .   l - +2 hat
rElec    .         Reflect  .   k - +1 cloak
rCorr    +         Harm     .   e - +0 pair of gloves
MR       +....                  d - +2 centaur barding
Stlth    +.........             (no amulet)
HPRegen  0.25/turn              s - ring of positive energy
MPRegen  0.15/turn              w - ring of resist corrosion

@: about to teleport, flying, very quick
A: large, antennae 1, hooves 3, agile 1, deformed body, speed 2, magic
resistance 1, tough skin 3
a: Depart the Abyss, Bend Space, Banish, Corrupt, Renounce Religion


You were on level 11 of the Dungeon.
You worshipped Lugonu.
Lugonu was greatly pleased with you.
You were very hungry.

You visited 1 branch of the dungeon, and saw 11 of its levels.
You visited the Abyss 2 times.

You collected 590 gold pieces.

Inventory:

Hand Weapons
 a - a +1 hand axe
 q - a +0 war axe of freezing
 v - a +1 war axe of flaming
 E - a +2 battleaxe of electrocution (weapon)
Armour
 d - a +2 centaur barding (worn)
 e - a +0 pair of gloves (worn)
 k - a +1 cloak (worn)
 l - a +2 hat (worn)
 o - a +2 animal skin (worn)
 p - a +0 helmet
Jewellery
 s - a ring of positive energy (left hand)
 w - a ring of resist corrosion (right hand)
 H - an uncursed ring of magical power {unknown}
Wands
 f - a wand of flame (7)
 j - a wand of scattershot (6)
 r - a wand of random effects (52)
 y - a wand of iceblast (8)
 A - a wand of enslavement (7)
 C - a wand of polymorph (20)
Scrolls
 b - 3 scrolls of teleportation
 g - 3 scrolls of identify
 h - 6 scrolls of remove curse
 n - a scroll of random uselessness {unknown}
 F - a scroll of fog
Potions
 i - 5 potions of curing
 m - 3 potions of might
 t - a potion of lignification
 u - a potion of magic
 x - a potion of flight
 z - a potion of ambrosia {unknown}
 B - a potion of berserk rage {unknown}
 D - a potion of haste {unknown}
 G - a potion of mutation
Comestibles
 c - 22 rations


   Skills:
 + Level 7.0 Fighting
 + Level 10.7 Axes
 * Level 6.0 Armour
 * Level 7.1 Dodging
 * Level 8.4 Invocations
 + Level 0.7 Evocations


You had 10 spell levels left.
You didn't know any spells.
Your spell library contained the following spells:

 Spells                   Type           Power        Failure   Level  Hunger
 Animate Skeleton         Necr           N/A          34%         1    ##.....
 Apportation              Tloc           #.....       34%         1    ##.....
 Confusing Touch          Hex            #.....       34%         1    ##.....
 Summon Small Mammal      Summ           #...         34%         1    ##.....


Dungeon Overview and Level Annotations

Branches:
Dungeon (11/15)            Temple (0/1) D:7            Lair (0/6) D:11
    Orc (0/2) D:10

Altars:
Dithmenos
Elyvilon
Fedhas
Gozag
Hepliaklqana
Kikubaaqudgha
Makhleb
Qazlal
Wu Jian

Shops:
D:8 %

Annotations:
D:11 Snorg


Innate Abilities, Weirdness & Mutations

You have hooves in place of feet.
Armour fits poorly on your strangely shaped body.
You cover ground very quickly.
You have extremely tough skin. (AC +3)
You have a pair of small antennae on your head.
You are agile. (Dex +2)
You are resistant to hostile enchantments. (MR+)


Message History

You pass through the gate.
Welcome back to the Dungeon!
Level annotation: Snorg You can no longer gate yourself to the Abyss.
Snorg goes berserk!
Snorg bites you but does no damage. Snorg barely misses you. x2
It was a potion of magic.
Magic courses through your body. Snorg bites you.
Snorg claws you but does no damage. Snorg closely misses you.
Snorg rages.
Found 16 gold pieces.
It was a potion of flight.
You feel very buoyant.
You fly up into the air.
Snorg bites you. Snorg claws you! x2
Snorg misses you. Snorg barely misses you. Snorg claws you!!
* * * LOW HITPOINT WARNING * * *
As you read the scroll of teleportation, it crumbles to dust.
You feel strangely unstable. Snorg bites you!!
* * * LOW HITPOINT WARNING * * *
Snorg claws you.
You die...

$..... ....... #..
#.........#######
#..########.........#......
#...................#......
....................#......
....................#......
.........T..........+.....#
....?.....@.........#'#####
...........................
#......###########..8........##
#......#.........#...........#.
#......#.........#...........#.
#......#.#######.............#.
#.....#.#.....#...####......##
#.....#.#.....#......#........
#.....#.#.....#......#..######


You could see Snorg (berserk).

Vanquished Creatures
  A tentacled starspawn (Abyss:2)
  Erolcha (D:10)
  A two-headed ogre (D:10)
  A tengu warrior (D:10)
  A cyclops (D:11)
  An ugly thing (D:11)
  A centaur zombie (D:11)
  Maurice (D:10)
  2 gargoyles (D:10)
  A komodo dragon (D:11)
  A meliai (D:10)
  A troll (D:10)
  2 hippogriffs
  Sigmund (D:3)
  4 yaks (D:10)
  A wyvern (D:8)
  A spriggan (D:7)
  A steam dragon (D:10)
  Grum (D:8)
  A hungry ghost (D:10)
  Menkaure (D:6)
  A water moccasin (D:8)
  Duvessa (D:7)
  3 orc warriors
  An eye of draining (Abyss:2)
  A sky beast (D:7)
  3 ice beasts
  3 necrophages
  3 black bears
  An ogre (D:9)
  2 wolves
  A centaur (D:6)
  2 big kobolds
  5 bullfrogs
  2 small abominations
  Dowan (D:7)
  3 scorpions
  9 killer bees
  2 wights (D:11)
  5 howler monkeys
  4 crimson imps
  2 bullfrog zombies
  A quasit (Abyss:2)
  6 hounds
  13 orc wizards
  7 orc priests
  A bullfrog skeleton (D:8)
  3 centaur skeletons
  8 iguanas
  10 worker ants
  3 hound skeletons
  A mummy (D:11)
  3 worker ant zombies
  Robin (D:3)
  5 gnolls
  16 adders
  2 river rats (D:5)
  A shadow imp (D:10)
  2 oozes
  An adder zombie (D:7)
  4 worms
  3 adder skeletons
  2 dart slugs
  4 leopard geckos
  46 orcs
  9 bats
  6 giant cockroaches
  15 hobgoblins
  14 jackals
  7 quokkas
  3 ball pythons
  7 frilled lizards
  16 goblins
  3 jackal skeletons
  18 kobolds
  2 quokka skeletons
  A quokka zombie (D:8)
  11 rats
  4 plants (D:11)
  3 starspawn tentacles (Abyss:2)
343 creatures vanquished.

Vanquished Creatures (others)
  A two-headed ogre (D:8)
  A steam dragon (D:8)
  A goblin (D:3)
  A plant (D:11)
  2 starspawn tentacles (Abyss:2)
6 creatures vanquished.

Grand Total: 349 creatures vanquished

Notes
Turn   | Place    | Note
-------+----------+-------------------------------------------
     0 | Abyss:1  | Gargoyl the Centaur Abyssal Knight began the quest for the
                  | Orb.
     0 | Abyss:1  | Reached XP level 1. HP: 19/19 MP: 2/2
   139 | D:1      | Escaped the Abyss
   404 | D:1      | Noticed a minotaur zombie
   452 | D:1      | Reached * piety under Lugonu
   571 | D:1      | Reached XP level 2. HP: 19/26 MP: 3/3
   889 | D:1      | Reached skill level 1 in Dodging
  1066 | D:1      | Reached skill level 2 in Axes
  1066 | D:1      | Reached XP level 3. HP: 31/31 MP: 4/4
  1214 | D:2      | Reached ** piety under Lugonu
  1443 | D:2      | Found a burning altar of Makhleb.
  1541 | D:2      | Reached XP level 4. HP: 38/38 MP: 5/5
  1744 | D:3      | Noticed Robin
  1765 | D:3      | Killed Robin
  2232 | D:3      | Reached XP level 5. HP: 45/45 MP: 7/7
  2240 | D:3      | Reached *** piety under Lugonu
  2246 | D:3      | Reached skill level 3 in Axes
  2374 | D:3      | Noticed Sigmund
  2394 | D:3      | Killed Sigmund
  2394 | D:3      | Reached XP level 6. HP: 38/52 MP: 8/8
  3283 | D:4      | Reached skill level 4 in Axes
  3362 | D:4      | Reached XP level 7. HP: 48/58 MP: 9/9
  3478 | D:4      | Found an ornate altar of the Wu Jian Council.
  3773 | D:4      | Found an opulent altar of Gozag.
  4593 | D:5      | Entered Level 5 of the Dungeon
  4602 | D:5      | Reached **** piety under Lugonu
  4663 | D:5      | Gained mutation: You possess an exceptional clarity of
                  | mind. [potion of mutation]
  4663 | D:5      | Gained mutation: You are clumsy. (Dex -2) [potion of
                  | mutation]
  4663 | D:5      | Gained mutation: Your body sometimes deteriorates upon
                  | taking damage. [potion of mutation]
  4663 | D:5      | Lost mutation: You are clumsy. (Dex -2) [potion of
                  | mutation]
  4664 | D:5      | Lost mutation: Your body sometimes deteriorates upon taking
                  | damage. [potion of mutation]
  4664 | D:5      | Gained mutation: You are partially covered in molten
                  | scales. (AC +2) [potion of mutation]
  4664 | D:5      | Gained mutation: You have a pair of small antennae on your
                  | head. [potion of mutation]
  4664 | D:5      | Gained mutation: You are agile. (Dex +2) [potion of
                  | mutation]
  4665 | D:5      | Lost mutation: You possess an exceptional clarity of mind.
                  | [potion of mutation]
  4665 | D:5      | Lost mutation: You have a pair of small antennae on your
                  | head. [potion of mutation]
  4665 | D:5      | Lost mutation: You are partially covered in molten scales.
                  | (AC +2) [potion of mutation]
  4665 | D:5      | Gained mutation: You are resistant to hostile enchantments.
                  | (MR+) [potion of mutation]
  4665 | D:5      | Gained mutation: You have a pair of small antennae on your
                  | head. [potion of mutation]
  5145 | D:5      | Reached skill level 5 in Axes
  5492 | D:5      | Reached XP level 8. HP: 56/66 MP: 11/11
  5852 | D:6      | Found a burning altar of Makhleb.
  5888 | D:6      | Found a white marble altar of Elyvilon.
  6070 | D:6      | Reached skill level 6 in Axes
  6071 | D:6      | Noticed Menkaure
  6314 | D:6      | Killed Menkaure
  6529 | D:6      | Found a blossoming altar of Fedhas.
  6530 | D:6      | Found an ancient bone altar of Kikubaaqudgha.
  6982 | D:7      | Reached skill level 5 in Invocations
  7191 | D:7      | Noticed Duvessa
  7192 | D:7      | Noticed Dowan
  7202 | D:7      | Killed Duvessa
  7202 | D:7      | Reached XP level 9. HP: 71/73 MP: 12/12
  7205 | D:7      | Killed Dowan
  7394 | D:7      | Found a staircase to the Ecumenical Temple.
  7508 | D:7      | Reached skill level 5 in Fighting
  7508 | D:7      | Reached skill level 7 in Axes
  7769 | D:8      | Noticed a two-headed ogre
  7787 | D:8      | Banished a two-headed ogre
  7791 | D:8      | HP: 2/74 [steam dragon (4)]
  7942 | D:8      | Reached skill level 5 in Dodging
  8155 | D:8      | Found Puch's Food Boutique.
  8664 | D:9      | Noticed Grum
  8693 | D:9      | Reached skill level 8 in Axes
  8790 | D:8      | Killed Grum
  9092 | D:9      | Reached ***** piety under Lugonu
  9098 | D:9      | Reached XP level 10. HP: 47/81 MP: 14/14
  9675 | D:9      | Found a hazy altar of Hepliaklqana.
  9678 | D:9      | Found a stormy altar of Qazlal.
  9681 | D:9      | Found a shadowy altar of Dithmenos.
 10422 | D:10     | Entered Level 10 of the Dungeon
 10423 | D:10     | Noticed a gargoyle
 10433 | D:10     | Killed a gargoyle
 10618 | D:10     | Noticed Maurice
 10632 | D:10     | Killed Maurice
 10970 | D:10     | Noticed a gargoyle
 10983 | D:10     | Killed a gargoyle
 11223 | D:10     | Reached skill level 9 in Axes
 11341 | D:10     | Noticed Erolcha
 11342 | D:10     | Found a staircase to the Orcish Mines.
 11345 | D:10     | Noticed a tengu warrior
 11345 | D:10     | Noticed a two-headed ogre
 11349 | D:10     | Reached skill level 5 in Armour
 11707 | D:10     | Killed Erolcha
 12654 | D:10     | Killed a two-headed ogre
 12654 | D:10     | Reached XP level 11. HP: 53/89 MP: 16/16
 12861 | D:10     | Killed a tengu warrior
 13712 | D:10     | Reached skill level 10 in Axes
 14160 | D:11     | Found a frozen archway.
 14347 | D:11     | Noticed a white ugly thing
 14357 | D:11     | Killed a white ugly thing
 14689 | D:11     | Found a staircase to the Lair.
 14964 | D:11     | Noticed Snorg
 15189 | Abyss:2  | Noticed a tentacled starspawn
 15201 | Abyss:2  | Killed a tentacled starspawn
 15339 | D:11     | Escaped the Abyss
 15345 | D:11     | Slain by Snorg

Levels and vault maps discovered:
D:1:      shiori_arrival_whats_in_store_for_you, layout_basic
D:2:      layout_rooms, lemuel_doored_altar, first_ration
D:3:      layout_loops_ring, uniq_robin, uniq_sigmund
D:4:      layout_basic, nicolae_gozag_cash_rules_everything_around_me,
          lemuel_crystal_altar, minmay_stone_trees_small
D:5:      layout_loops_corners, gup_sewer_entry_spiral, sigmund_army
D:6:      layout_rooms, old_standard_altar,
          grunt_temple_overflow_growth_and_decay, basic_altar, feat_on_display,
          uniq_menkaure
D:7:      layout_rooms, minmay_temple_entry_nine_rooms, the_bakery, uniq_duvessa
D:8:      layout_basic, serial_shops, shop
D:9:      layout_basic, grunt_temple_overflow_diamond, uniq_grum
D:10:     layout_roguey, david_orc_3, minmay_misc_feat_pillars,
          minmay_fractal_squares_gapless_7, uniq_erolcha, uniq_maurice
D:11:     layout_irregular_city, david_lair_shrubbed, serial_undead,
          serial_undead_b, serial_undead_b, serial_undead_c, serial_undead_b,
          serial_undead_d, portal_ice_cave_entry_pillars_1, uniq_snorg

Skill      XL: |  1  2  3  4  5  6  7  8  9 10 11 |
---------------+----------------------------------+-----
Dodging        | 1 2 3 4 5 6 7 |  7.1
Axes           | 2 3 4 5 6 8 9 10 | 10.7
Armour         | 2 3 4 5 6 |  6.0
Invocations    | 3 4 5 6 7 8 |  8.4
Fighting       | 4 5 6 7 |  7.0
Evocations     | |  0.7

Action                   |  1- 3 |  4- 6 |  7- 9 | 10-12 || total
-------------------------+-------+-------+-------+-------++-------
Melee: Hand axe          |   114 |   240 |    51 |       ||   405
       Kick              |    19 |    33 |    90 |    80 ||   222
       War axe           |       |       |   237 |       ||   237
       Battleaxe         |       |       |    47 |   307 ||   354
Invok: Depart the Abyss  |     1 |       |       |     1 ||     2
       Banish            |       |       |     2 |       ||     2
       Bend Space        |       |       |     1 |     1 ||     2
       Enter the Abyss   |       |       |       |     1 ||     1
Evoke: Wand              |       |       |     2 |     4 ||     6
  Use: Scroll            |     6 |     1 |     8 |     5 ||    20
       Potion            |       |     1 |     5 |     4 ||    10
  Eat: Chunk             |     1 |     5 |    13 |    13 ||    32
       Ration            |       |       |     1 |     2 ||     3
Armor: Leather armour    |   125 |    25 |       |       ||   150
       Animal skin       |       |    94 |   238 |   223 ||   555
       Skin              |       |       |       |    25 ||    25
Dodge: Dodged            |    65 |    94 |   199 |   216 ||   574

Table legend:
 A = Non-vault XP
 B = Vault XP
 C = Vault XP percentage of total XP
 D = Non-vault monster count
 E = Vault monster count
 F = Vault count percentage of total count
                 A         B        C        D         E       F
            +---------+---------+-------+---------+---------+-------
      Total |   14770 |    5247 |  26.2 |     287 |      51 |  15.1
            +---------+---------+-------+---------+---------+-------
        D:1 |      67 |       0 |   0.0 |      31 |       0 |   0.0
        D:2 |      41 |       0 |   0.0 |      24 |       0 |   0.0
        D:3 |     319 |     258 |  44.7 |      37 |      12 |  24.5
        D:4 |     380 |       0 |   0.0 |      22 |       0 |   0.0
        D:5 |     468 |      41 |   8.1 |      23 |       9 |  28.1
        D:6 |     556 |     172 |  23.6 |      10 |       1 |   9.1
        D:7 |     769 |     426 |  35.6 |      21 |       3 |  12.5
        D:8 |    1483 |     293 |  16.5 |      23 |       2 |   8.0
        D:9 |    1167 |     156 |  11.8 |      30 |       2 |   6.2
       D:10 |    4589 |    3104 |  40.3 |      44 |      14 |  24.1
       D:11 |    2136 |     797 |  27.2 |      17 |       8 |  32.0
    Abyss:1 |      87 |       0 |   0.0 |       1 |       0 |   0.0
    Abyss:2 |    2708 |       0 |   0.0 |       4 |       0 |   0.0
            +---------+---------+-------+---------+---------+-------
